Description

This is a old school build order from december 2015

Dear played it against byul - https://www.twitch.tv/gsl/v/84091923

2 weeks ago.

VOD

https://www.twitch.tv/gsl/v/84091923

Build Order

Get SALT Encoding   

  14  0:18  Pylon  
  15  0:40  Gateway  
  17  0:51  Assimilator  
  19  1:25  Nexus  
  20  1:37  Cybernetics Core  
  21  1:46  Assimilator  
  22  1:55  Pylon  
  24  2:15  Warp Gate, Adept (Chrono Boost)  x1, research
  27  2:31  Twilight Council  
  29  2:40  Stalker  x1
  35  3:07  Resonating Glaives  
  37  3:12  Adept  x1
  41  3:22  Gateway x2  
  41  3:38  Adept  x1
  45  3:45  Assimilator x2  
  48  4:05  Stargate x2  
  50  4:20  Adept x3  x1, x1, x1
  57  4:27  Pylon  
  57  4:29  Mothership Core  
  59  4:44  Pylon  
  63  4:50  Phoenix x2 (Chrono Boost), Pylon, Nexus  x8
  85  6:25  Robotics Facility  
  140  9:00  Nexus  
Spawning Tool Build Advisor. Get it on Overwolf

Go to:

Details

  • Created by: ElProtöse
  • Published on: Aug 24, 2016
  • Modified on: Aug 24, 2016
  • Patch: Pre-3.8.0
Show
View Real Time Build Order
Export as new Build Order

Comments (0)

There are no comments. Be the first!

Create an account to comment!